[Event "Early-Titled-Tuesday-Blitz-February-13-2024"]
[Site "Chess.com"]
[Date "2024.02.13"]
[Round "5"]
[White "Levanzovsky"]
[Black "FontVella8"]
[Result "0-1"]
[WhiteElo "2508"]
[BlackElo "2730"]
[TimeControl "180+1"]
[EndTime "9:01:13 PST"]
[Termination "FontVella8 won on time"]

1. d4 d5 2. c4 e6 3. Nc3 Nf6 4. Bg5 Be7 5. e3 b6 6. Qa4+ c6 7. Nf3 O-O 8. cxd5 Nxd5 9. Bxe7 Qxe7 10. Bd3 Nxc3 11. bxc3 Bb7 12. O-O c5 13. Ne5 h6 14.
Rfd1 Qc7 15. Rac1 Nc6 16. Nxc6 Qxc6 17. Qxc6 Bxc6 18. f3 Rfd8 19. Kf2 Kf8 20. h4 Ke7 21. Bb1 Rd6 22. e4 Rad8 23. Ke3 e5 24. d5 c4 25. a3 Ba4 26. Bc2 Bxc2 27. Rxc2 b5 28. a4 Rb8 29. Rb1 Rdb6 30. Rxb5 Rxb5 31. axb5 Rxb5 32. Ra2 a5 33. Ra4 Rc5 34. f4 f6 35. h5 Kd6 36. Kf3 f5 37. g3 exf4 38. Kxf4 fxe4 39. Kxe4 Rxd5 40. Rxc4 Rxh5 41. Rc8 Rg5 42. Kf4 Kd5 43. c4+ Kd4 44.
Rc7 Rc5 45. Rxg7 Kxc4 46. Ra7 Kb4 47. Ra6 h5 48. Ra8 a4 49. Ke3 a3 50. Kd2 Kb3 51. Rb8+ Ka2 52. Rb7 Rg5 53. Rb8 Rxg3 54. Kc1 Rg1+ 55.
Kc2 Rg7 56. Rh8 Rc7+ 57. Kd2 Kb3 58. Rb8+ Ka2 59. Rb5 h4 60. Rh5 Rc4 61. Kd3 Rc1 62.
Kd2 Rh1 63. Kc2 h3 64. Rh4 h2 65. Rh3 Rb1 0-1

[Event "Early-Titled-Tuesday-Blitz-February-13-2024"]
[Site "Chess.com"]
[Date "2024.02.13"]
[Round "5"]
[White "gpsji27"]
[Black "SHIVACalypso"]
[Result "0-1"]
[WhiteElo "2314"]
[BlackElo "2518"]
[TimeControl "180+1"]
[EndTime "9:01:13 PST"]
[Termination "SHIVACalypso won by resignation"]

1. d4 Nf6 2. Bg5 Ne4 3. Bf4 d5 4. Nd2 Bf5 5. Ngf3 e6 6. e3 Bd6 7. Bxd6 Qxd6 8. Bd3 Nd7 9. Qe2 c6 10. c4 Ndf6 11. Ne5 O-O 12. O-O c5 13. cxd5 cxd4 14.
exd4 Qxd5 15. Nxe4 Bxe4 16. Bxe4 Nxe4 17. Rfd1 Rad8 18.
f3 Nd6 19. Rac1 Nf5 20. Rc4 f6 21. g4 fxe5 22. gxf5 Rxf5 23. Rc5 Qd6 24. Qe4 exd4 25. Rxf5 exf5 26. Qxf5 d3 27. Qe4 Qd4+ 28. Qxd4 Rxd4 29. Kf2 Rc4 30. Rxd3 Rc2+ 31. Kg3 Rxb2 32. a3 h6 33. Rd7 a5 34. Rd8+ Kf7 35. Ra8 b6 36. h4 Rb3 37. Rb8 Kf6 38. Rb7 a4 39. Kg2 b5 40.
Kg3 Rxa3 41. Rxb5 Rb3 42. Ra5 a3 43. Kg2 g6 44. Kg3 h5 45. Kg2 Rb2+ 46. Kg3 a2 47. Ra6+ Kf5 48. Ra5+ Ke6 49. Kh3 Kd6 50. Kg3 Kc6 51. Kh3 Kb6 52. Ra8 Kc5 53. Kg3 Kc4 54. Kh3 Kb3 55. Kg3 Kc2 56. Rc8+ Kb1 57. Ra8 a1=Q 58. Rxa1+ Kxa1 59. Kf4 Rb5 60. Ke4 Rf5 61. f4 Kb2 0-1

[Event "Early-Titled-Tuesday-Blitz-February-13-2024"]
[Site "Chess.com"]
[Date "2024.02.13"]
[Round "5"]
[White "Thunderbolt135"]
[Black "TrahtarBelarus"]
[Result "0-1"]
[WhiteElo "2653"]
[BlackElo "2876"]
[TimeControl "180+1"]
[EndTime "9:01:14 PST"]
[Termination "TrahtarBelarus won by resignation"]

1. e4 c5 2. Nf3 d6 3. d4 cxd4 4. Nxd4 Nf6 5. Nc3 a6 6. Be3 e5 7. Nf3 Be7 8. h3 O-O 9. g4 Be6 10. g5 Nfd7 11. Qd2 Nc6 12. h4 b5 13. Nd5 Bxd5 14. Qxd5 Rc8 15. c3 Na5 16. h5 Nb6 17.
Qd1 Nac4 18. Bc1 d5 19. exd5 e4 20. Nd4 Bxg5 21. Qg4 h6 22. Bxg5 Qxg5 23. Qxg5 hxg5 24. O-O-O Nxd5 25. Nf5 Nf4 26. Ne7+ Kh7 27. Nxc8 Rxc8 28. Rd4 f5 29. h6 gxh6 30. Bxc4 bxc4 31. Rd7+ Kg6 32. Rd6+ Kg7 33. Rdxh6 Rb8 34. Rh7+ Kf6 35. R1h6+ Ke5 36. Re7+ Kd5 37. Rd7+ Ke5 38. Re7+ Kd5 39. Kc2 Nd3 40. Rd7+ Ke5 41. b3 cxb3+ 42. axb3 Nxf2 43.
c4 g4 44. Re7+ Kf4 45. c5 Nd3 46. c6 Nb4+ 47. Kb2 g3 48. c7 Rc8 49. Rd6 g2 50.
Rg7 Rxc7 51. Rxg2 Nd3+ 52. Ka3 Ke5 53. Rxa6 f4 54. Ra5+ Kd4 55. Rg8 f3 56. Rf8 f2 57.
Ra6 e3 58. Rd6+ Kc3 59. Ka4 Ra7+ 60. Kb5 Rb7+ 61. Kc6 Rxb3 62. Rf3 Kd2 63. Kd7 Ke2 64. Rdf6 Ne5+ 65. Ke7 Nxf3 0-1

[Event "Early-Titled-Tuesday-Blitz-February-13-2024"]
[Site "Chess.com"]
[Date "2024.02.13"]
[Round "5"]
[White "tantaan"]
[Black "Cosi43"]
[Result "1/2-1/2"]
[WhiteElo "2501"]
[BlackElo "2629"]
[TimeControl "180+1"]
[EndTime "9:01:14 PST"]
[Termination "Game drawn by repetition"]

1. e4 d5 2. exd5 Qxd5 3. Nf3 Nf6 4. Be2 Bf5 5. d4 e6 6. c4 Qd8 7. O-O Be7 8. Nc3 O-O 9. Nh4 Bg6 10. Nxg6 hxg6 11. Be3 Nbd7 12. Qd2 c6 13. Rad1 Qc7 14. h3 Rfd8 15. Qc1 Rac8 16. Rfe1 Bb4 17. a3 Be7 18. c5 e5 19. b4 exd4 20. Rxd4 Ne5 21. Rxd8+ Qxd8 22. Bf4 Ned7 23. Bc4 b6 24. cxb6 Nxb6 25.
Bb3 Nbd5 26. Be5 Bd6 27. Bxd6 Qxd6 28. Rd1 Qe5 29. Na4 Nf4 30. Qe3 Qg5 31. Qf3 Re8 32.
Kh2 Qe5 33. g3 N4d5 34. Nc5 Qe2 35. Qxe2 Rxe2 36. Kg1 Rb2 37. Rd3 Rb1+ 38. Kg2 Ra1 39. Bc4 Nb6 40. Ba6 g5 41. Bb7 Nc4 42. a4 Rb1 43.
Rb3 Rxb3 44. Nxb3 Ne5 45. Nd4 Nd5 46. b5 Nc3 47. bxc6 Nxa4 48. c7 Nb6 49. Nb5 a5 50. Nd6 a4 51. c8=Q+ Nxc8 52. Nxc8 a3 53. Bd5 Nd3 54.
Nb6 Nb4 55. Bb3 a2 56. Bxa2 Nxa2 57. Kf3 f6 58. Kg4 Nc3 59. h4 gxh4 60. Kxh4 Ne4 61. f3 Nd6 62. Nd5 Kf7 63. Kg4 g5 64. f4 gxf4 65. gxf4 Kg6 66. Ne3 f5+ 67. Nxf5 Nxf5 68. Kf3 Nd4+ 69. Ke4 Nf5 70. Ke5 Ng3 71. Ke6 Nf5 72.
Ke5 Ng3 73. Ke6 Nf5 74. Ke5 1/2-1/2

[Event "Early-Titled-Tuesday-Blitz-February-13-2024"]
[Site "Chess.com"]
[Date "2024.02.13"]
[Round "5"]
[White "SpeedofLight0"]
[Black "AryanTari"]
[Result "1/2-1/2"]
[WhiteElo "3065"]
[BlackElo "2936"]
[TimeControl "180+1"]
[EndTime "9:01:15 PST"]
[Termination "Game drawn - insufficient material"]

1. d4 d5 2. Nc3 Nf6 3. Bf4 g6 4. e3 Bg7 5. h4 h5 6. Nf3 O-O 7. Ne5 c5 8. f3 cxd4 9. exd4 Nc6 10. Qd2 Bf5 11. O-O-O Rc8 12. Kb1 Qa5 13. a3 Nxe5 14.
Bxe5 e6 15. g4 hxg4 16. h5 Rxc3 17. Qxc3 Qxc3 18. bxc3 Nxh5 19. fxg4 Bxg4 20. Re1 Bxe5 21. dxe5 Rc8 22. Rh4 Bf5 23. Kb2 Ng3 24. Bd3 Kg7 25.
Rg1 Ne4 26. Rgh1 g5 27. Rh5 Bg6 28. R5h2 g4 29. Rg1 Bf5 30. c4 dxc4 31. Bxe4 c3+ 32. Kb3 Bxe4 33. Rxg4+ Bg6 34. Rh3 Rc5 35. Re3 b5 36.
Rd4 a5 37. Rh4 Rd5 38. Rh2 Rc5 39. Rhe2 Bh5 40. Rg2+ Bg6 41. Rge2 Bh5 42. Re1 Rd5 43.
Rxc3 Bg6 44. Rc7 Kh6 45. c3 Kg5 46. a4 bxa4+ 47. Kxa4 Kf4 48. Rc4+ Kf3 49. Rd4 Rc5 50. c4 Kf2 51. Red1 Rxe5 52. Rd7 Bc2+ 53. Ka3 Bxd1 54. Rxd1 f5 55. Rc1 Rc5 56. Kb3 f4 57. Kc3 a4 58.
Kd4 Rc8 59. Ke4 e5 60. c5 Ke2 61. c6 Kd2 62. Rc5 a3 63. Kxe5 a2 64. Ra5 f3 65.
Rxa2+ Ke1 66. Kd6 f2 67. Ra1+ Ke2 68. Kd7 Rf8 69. c7 Rf7+ 70. Kd8 Rxc7 71. Kxc7 f1=Q 72. Rxf1 Kxf1 1/2-1/2

[Event "Early-Titled-Tuesday-Blitz-February-13-2024"]
[Site "Chess.com"]
[Date "2024.02.13"]
[Round "5"]
[White "Schachmalanders"]
[Black "WilsonPalencia21"]
[Result "1/2-1/2"]
[WhiteElo "2454"]
[BlackElo "2589"]
[TimeControl "180+1"]
[EndTime "9:01:15 PST"]
[Termination "Game drawn by agreement"]

1. e4 c5 2. Nc3 Nc6 3. g3 g6 4. Bg2 Bg7 5. Nge2 d6 6. d3 e5 7.
Be3 Nge7 8. Qd2 Rb8 9. Bh6 Bxh6 10. Qxh6 Nd4 11. Nxd4 cxd4 12. Nd5 Nxd5 13. exd5 Qa5+ 14. Qd2 Qxd2+ 15. Kxd2 Bd7 16. c4 dxc3+ 17. bxc3 O-O 18. Rhf1 f6 19. f4 Kg7 20. fxe5 fxe5 21. Rxf8 Rxf8 22. Rf1 Rxf1 23. Bxf1 Kf6 24. Ke3 Bb5 25.
Bh3 h5 26. Bc8 b6 27. a3 a5 28. h4 Ke7 29. Bh3 Kf6 30. Bc8 Ba4 31. c4 Be8 32. Bb7 Bd7 33. Bc6 Bc8 34. Ba4 Bg4 35. Ke4 g5 36. Bc6 Bh3 37. Bb7 Bg2+ 38. Ke3 gxh4 39. gxh4 e4 40. d4 Bf1 41. Ba6 Kf5 42. Bc8+ Kf6 43.
Ba6 Bd3 44. Kf4 Bb1 45. Bb5 Bc2 46. Be8 Bd3 47. Bxh5 Bxc4 48. Kxe4 b5 49. Ke3 Bxd5 50. Be2 b4 51. axb4 axb4 52. Bd3 Bf7 53. Kd2 Bb3 54. Kc1 Bd5 55. Kb2 Kg7 56. Bc2 Kh6 57. Bb3 Bf3 58.
Bf7 Bd1 59. Bb3 Bf3 60. Bf7 Bd1 61. Be8 Kg7 62. Kc1 Bb3 63. Kb2 Bd5 64. Ba4 Kg6 65.
Bb3 Bf3 66. Bc2+ Kh5 67. Kb3 Kxh4 68. Kxb4 Kg5 69. Kb5 Kf6 70. Kb6 Ke7 71. Kc7 Bg2 72.
Bf5 Bf3 73. Bh3 Be4 74. Bf1 Ba8 75. Bb5 Bf3 76. Bc6 Bg4 77. Bd5 Bf5 78. Bf3 Bd7 79. Bh5 Be6 1/2-1/2

[Event "Early-Titled-Tuesday-Blitz-February-13-2024"]
[Site "Chess.com"]
[Date "2024.02.13"]
[Round "5"]
[White "Gryffindorac8"]
[Black "Mikhail_Golubev"]
[Result "0-1"]
[WhiteElo "2398"]
[BlackElo "2687"]
[TimeControl "180+1"]
[EndTime "9:01:16 PST"]
[Termination "Mikhail_Golubev won by resignation"]

1. d4 Nf6 2. c4 g6 3. Nc3 Bg7 4. e4 d6 5. Nf3 O-O 6. h3 e5 7. d5 Nh5 8. g3 f5 9. exf5 gxf5 10.
Nh4 Nf4 11. Bd2 Nd7 12. Qc2 Ng6 13. Nxf5 Qf6 14. Nh6+ Kh8 15. Ng4 Qf3 16. Rg1 Nc5 17. Be2 Bf5 18. Bxf3 Bxc2 19. Be2 Nd3+ 20. Bxd3 Bxd3 21.
Ne3 e4 22. Rg2 Ne5 23. b3 Nf3+ 24. Kd1 Rae8 25. Rc1 Rf7 26. Ne2 Nxd2 27. Kxd2 Bh6 28. g4 Ref8 29. Rf1 Bxe3+ 30. Kxe3 Rf3+ 31. Kd2 Rxh3 32.
Rfg1 Rhf3 33. Ke1 e3 34. fxe3 Rxe3 35. Kd2 Rxe2+ 36. Rxe2 Bxe2 37. Kxe2 Kg7 38. Ke3 Kg6 39. Rh1 Rf7 40. Rh5 Re7+ 41. Kf3 Re1 42. Kf2 Ra1 43. a4 Ra2+ 44. Kg3 Rb2 45. Rf5 Rxb3+ 46. Kh4 Rb4 47.
Rg5+ Kh6 48. Rh5+ Kg6 49. Rg5+ Kf6 50. Rh5 Rxa4 51. Rxh7 Rxc4 52. Kh5 Rc1 53. g5+ Ke5 54. Kg6 Kxd5 55. Kf7 Kc6 56. g6 Rf1+ 57. Kg8 Rg1 58.
g7 a5 59. Kf8 Rxg7 60. Rxg7 b5 61. Ke7 b4 62. Ke6 b3 63. Rg8 a4 64. Rb8 Kc5 65. Kf5 Kc4 66. Ke4 a3 67. Ke3 a2 68. Kd2 0-1

[Event "Early-Titled-Tuesday-Blitz-February-13-2024"]
[Site "Chess.com"]
[Date "2024.02.13"]
[Round "5"]
[White "NowInChess"]
[Black "regenda"]
[Result "1-0"]
[WhiteElo "2317"]
[BlackElo "2098"]
[TimeControl "180+1"]
[EndTime "9:01:16 PST"]
[Termination "NowInChess won by resignation"]

1. e4 c5 2. d3 Nc6 3. g3 h5 4. h3 g6 5. Bg2 Bg7 6. f4 e5 7. Nf3 d6 8. Nc3 Nge7 9. O-O exf4 10. Bxf4 Be6 11. Ng5 Nd4 12. Qd2 Qd7 13. Rae1 O-O-O 14. Nxe6 fxe6 15. Bg5 Rdf8 16. Nd1 Ndc6 17. c3 Rxf1+ 18.
Rxf1 Rf8 19. Rxf8+ Bxf8 20. Qf2 Qe8 21. h4 Kc7 22.
Bh3 Ng8 23. Ne3 Bg7 24. Bf4 Be5 25. Kg2 Kd7 26. Nc4 Bxf4 27. Qxf4 Qe7 28. Qf2 Qf6 29. Qxf6 Nxf6 30. Kf3 Ke7 31. Ke3 Nd7 32. d4 b5 33.
Nd2 cxd4+ 34. cxd4 Nb6 35. b3 Nb4 36. Nf3 Nxa2 37.
Ng5 e5 38. Nf3 exd4+ 39. Nxd4 a6 40. Kf4 Kf6 41. Nf3 Nc1 42. Nd2 Nd3+ 43. Ke3 Ne5 44.
Bf1 d5 45. exd5 Nxd5+ 46. Kd4 Ne7 47. Kc5 Nf5 48. Ne4+ Ke7 49. Kb6 Nd6 50. Nxd6 Kxd6 51. Kxa6 b4 52. Kb5 Nc6 53. Bg2 Nd4+ 54. Kxb4 Ne2 55.
Ka5 Nxg3 56. b4 Nf5 57. Ka6 Kc7 58. Ka7 Nd4 59. Be4 Nc6+ 60. Bxc6 Kxc6 61. Ka6 Kc7 62. Ka7 Kc6 63. Ka6 Kc7 64. b5 Kc8 65.
Ka7 Kc7 66. b6+ Kc6 67. b7 Kd6 68. b8=Q+ Ke6 69. Qf4 1-0

[Event "Early-Titled-Tuesday-Blitz-February-13-2024"]
[Site "Chess.com"]
[Date "2024.02.13"]
[Round "5"]
[White "Igor_Lysyj"]
[Black "chess123456s"]
[Result "1-0"]
[WhiteElo "2860"]
[BlackElo "2624"]
[TimeControl "180+1"]
[EndTime "9:01:19 PST"]
[Termination "Igor_Lysyj won by resignation"]

1. d4 Nf6 2. c4 c6 3. Nf3 d5 4. e3 e6 5. Bd3 Nbd7 6. O-O Bd6 7. Nc3 dxc4 8. Bxc4 b5 9. Bb3 O-O 10. e4 e5 11. Be3 Bb7 12. Qc2 Qc7 13.
h3 a6 14. Rac1 h6 15. a3 Rfe8 16. Rfd1 Rad8 17. Ba2 exd4 18. Bxd4 c5 19. Bxf6 Nxf6 20. Nd5 Nxd5 21. Bxd5 Bxd5 22. Rxd5 Bf8 23. Rcd1 Rxd5 24. Rxd5 Qe7 25. e5 Rd8 26. Qd2 Rxd5 27. Qxd5 c4 28. Nd4 Qc5 29. Qe4 c3 30. bxc3 Qxc3 31. e6 fxe6 32. Nxe6 Qxa3 33. Qd5 Qd6 34. Qa2 Kh8 35. g3 a5 36. Nf4 g5 37. Nd5 a4 38. Qb2+ Bg7 39. Qxb5 a3 40. Qa5 Qe5 41. Qa8+ Kh7 42. Ne3 Qa1+ 43. Kg2 Qc3 44. Nf5 Qf6 45. g4 Qf8 46.
Qa7 Kh8 47. Nxg7 Qxg7 48. Qxa3 Qb7+ 49. Qf3 Qe7 50. Qa8+ Kg7 51. Qd5 Qc7 52. Qd4+ Kg6 53. Kf3 Kh7 54. Ke3 Qc1+ 55. Ke4 Qc2+ 56. Ke5 Qc7+ 57. Ke6 Qc6+ 58. Ke7 Qc7+ 59. Qd7 Qc5+ 60. Kf6+ 1-0

[Event "Early-Titled-Tuesday-Blitz-February-13-2024"]
[Site "Chess.com"]
[Date "2024.02.13"]
[Round "5"]
[White "Suleyman_Chess06"]
[Black "lilleper1"]
[Result "0-1"]
[WhiteElo "2768"]
[BlackElo "2981"]
[TimeControl "180+1"]
[EndTime "9:01:23 PST"]
[Termination "lilleper1 won by resignation"]

1. Nf3 Nf6 2. g3 c5 3. Bg2 Nc6 4. d4 cxd4 5. Nxd4 g6 6. O-O Bg7 7. c4 O-O 8. Nc3 Ng4 9. e3 d6 10. b3 Nxd4 11. exd4 Nh6 12. Bxh6 Bxh6 13. Re1 Bg7 14.
Qd2 e6 15. Rad1 Rb8 16. d5 e5 17.
Qe3 b6 18. b4 Qc7 19. c5 bxc5 20. bxc5 Qxc5 21. Qxc5 dxc5 22. Ne4 c4 23. Rc1 f5 24. Nc5 e4 25. Bf1 c3 26. Bc4 Rd8 27. d6+ Kf8 28. Red1 Bd7 29. Be6 Bc6 30. Bb3 Bd7 31. Be6 Be8 32.
d7 Bf7 33. Bxf7 Kxf7 34. Rd6 Bf8 35. Rd5 Bxc5 36. Rxc5 Rxd7 37. R1xc3 Rd2 38. Rc7+ Kf6 39. Rc2 e3 40. R7c6+ Kg5 41. h4+ Kg4 42. Kg2 Rxf2+ 43. Rxf2 exf2 44. Rc4+ Kh5 45. Ra4 Rb2 46. Rxa7 h6 47.
Ra5 Rc2 48. Ra4 g5 49. hxg5 hxg5 50. Ra3 f1=Q+ 51. Kxf1 Kg4 52. Ke1 Rg2 53. Kf1 Rb2 54. Kg1 Kh3 55. Kf1 g4 56. Rc3 Rxa2 57. Kg1 Rg2+ 58. Kf1 Rxg3 59. Rc8 Rf3+ 60. Kg1 Kg3 61. Rf8 f4 62. Rc8 Ra3 63. Rc1 f3 64. Kh1 Ra2 65.
Rg1+ Kh3 66. Rc1 Rh2+ 67. Kg1 f2+ 68. Kf1 Rh1+ 69. Ke2 Rxc1 70. Kd2 f1=Q 0-1

[Event "Early-Titled-Tuesday-Blitz-February-13-2024"]
[Site "Chess.com"]
[Date "2024.02.13"]
[Round "5"]
[White "GrumbleBruno"]
[Black "viktorskliarov"]
[Result "1-0"]
[WhiteElo "2474"]
[BlackElo "2591"]
[TimeControl "180+1"]
[EndTime "9:01:25 PST"]
[Termination "GrumbleBruno won by resignation"]

1. e4 c5 2. c3 d6 3. d4 Nf6 4. Bd3 g6 5. dxc5 dxc5 6. e5 Nh5 7. f4 Nc6 8. Nf3 Bf5 9. Bxf5 Qxd1+ 10. Kxd1 gxf5 11.
Be3 b6 12. Nbd2 Bh6 13. g3 f6 14. Re1 fxe5 15. fxe5 Bxe3 16. Rxe3 e6 17. Kc2 Rd8 18. Nc4 O-O 19. a4 f4 20. gxf4 Rxf4 21. Rg1+ Kf8 22. Ng5 Rxc4 23. Nxe6+ Ke7 24. Nxd8 Nxd8 25. Rh3 Nf4 26.
Rxh7+ Ke6 27. Rxa7 Nc6 28. Rb7 Nxe5 29. Rxb6+ Kf5 30.
Re1 Rxa4 31. Rb5 Ned3 32. Rd1 Nf2 33. Rxc5+ Kg4 34. Rd4 Rxd4 35. cxd4 Kf3 36. b4 Ke4 37. Kc3 Nd5+ 38. Kc4 Ne3+ 39. Kb3 Kxd4 40. Rg5 Nd3 41. h4 Nd5 42. h5 N5xb4 43. h6 Nd5 44. h7 Ne3 45. h8=Q+ Ke4 46. Qe8+ Kf3 47. Rg8 Nf4 48.
Rf8 Ng2 49. Qe5 Kg4 50. Rxf4+ Nxf4 51. Kc4 Kf3 52. Kd4 Ne2+ 53. Kd3 Nf4+ 54. Kd2 Kg4 55. Qe4 Kg3 56. Ke3 Ng2+ 57. Kd4 Nf4 58. Ke5 Ng2 59. Kf5 Kf2 60. Kg4 Ne3+ 61. Kh3 Nf1 62. Qc2+ Ke1 63. Qa2 Kd1 64. Kg2 Ne3+ 65. Kf3 Nc2 66.
Ke4 Kd2 67. Qb2 Kd1 68. Kd3 Ne1+ 69. Kc3 Nf3 70. Qf2 Kc1 71. Qf1+ 1-0

[Event "Early-Titled-Tuesday-Blitz-February-13-2024"]
[Site "Chess.com"]
[Date "2024.02.13"]
[Round "5"]
[White "dealshark"]
[Black "RamonManon0g"]
[Result "1-0"]
[WhiteElo "2328"]
[BlackElo "2392"]
[TimeControl "180+1"]
[EndTime "9:01:26 PST"]
[Termination "dealshark won by checkmate"]

1. Nf3 Nf6 2. g3 g6 3. Bg2 d5 4. O-O Bg7 5. d4 O-O 6. c4 c6 7.
Nc3 dxc4 8. e4 Be6 9. Ng5 Bg4 10.
f3 Bc8 11. Be3 Nbd7 12. Qe2 b5 13. f4 Bb7 14. Rad1 Qa5 15. d5 cxd5 16. exd5 Rfe8 17. Bd4 Rad8 18. Qf2 Nb6 19. h3 h6 20. Nge4 Nbxd5 21. Nxf6+ Bxf6 22. Bxf6 Nxf4 23. Qxf4 Bxg2 24. Kxg2 Rxd1 25.
Rxd1 exf6 26. Ne4 Re6 27. Nxf6+ Kg7 28. Ng4 Qb6 29. Qxh6+ Kg8 30. Qd2 Qc6+ 31. Kg1 Qc5+ 32. Nf2 Rf6 33. Qd8+ Kg7 34. Qd4 Qc6 35. Ng4 Qb6 36.
Qxb6 Rxb6 37. Kf2 b4 38. Ne5 c3 39. bxc3 bxc3 40. Rc1 Rb2+ 41. Kf3 Rxa2 42. Rxc3 a5 43. Nc6 a4 44. Nb4 Rb2 45. Nc2 Ra2 46. g4 Rb2 47.
Kf4 Rb1 48. Ra3 Rf1+ 49. Kg3 Rc1 50. Ne3 Re1 51. Kf4 Rh1 52. Kg3 Re1 53. Ng2 Re4 54. Kf3 Rb4 55. Ne3 Rd4 56. Nc2 Rc4 57. Ne3 Rb4 58. Nd5 Rd4 59. Nf4 Rb4 60. h4 Rc4 61. h5 g5 62. Nd5 Rd4 63. Ne3 Rf4+ 64. Kg3 Rb4 65. Nf5+ Kf6 66. Kf3 Rf4+ 67. Kg3 Rb4 68. h6 Re4 69. h7 Re8 70. Rxa4 Kg6 71. Ra6+ f6 72. Ra7 Rh8 73. Rg7# 1-0

[Event "Early-Titled-Tuesday-Blitz-February-13-2024"]
[Site "Chess.com"]
[Date "2024.02.13"]
[Round "5"]
[White "Alexchess1984"]
[Black "GrotBchess"]
[Result "0-1"]
[WhiteElo "2633"]
[BlackElo "2387"]
[TimeControl "180+1"]
[EndTime "9:01:27 PST"]
[Termination "GrotBchess won on time"]

1. e4 c5 2. Nf3 e6 3. c3 Nf6 4. e5 Nd5 5. d4 cxd4 6. cxd4 Nc6 7. Bd3 d6 8. O-O Be7 9. Qe2 O-O 10. Rd1 Bd7 11.
a3 Rc8 12. Qe4 f5 13. exf6 Nxf6 14. Qe2 d5 15. Nc3 Bd6 16. Bg5 h6 17. Bh4 Qb6 18.
Bg3 Bxg3 19. hxg3 Rce8 20. b4 a6 21. Bc2 Qc7 22. Qd3 e5 23. dxe5 Nxe5 24. Nxe5 Rxe5 25. Rac1 Qb6 26. Qd4 Qxd4 27. Rxd4 Rc8 28. Bb3 Be6 29.
Rdd1 Ng4 30. Na4 Rxc1 31. Rxc1 d4 32. Bxe6+ Rxe6 33. Rd1 d3 34. Nc5 Re2 35. Nxd3 Ra2 36.
Nc5 Nxf2 37. Rf1 Ng4 38. Nxb7 Rxa3 39. Nc5 Rxg3 40. Nxa6 Rb3 41. Re1 Rb2 42. Rc1 Ne3 43.
g3 Nf5 44. g4 Ne3 45. Re1 Nxg4 46. Re4 Nf6 47. Rc4 Nd5 48. Rc8+ Kh7 49. Rc5 Nxb4 50. Rb5 Nd3 51. Rd5 Rb1+ 52. Kh2 Nf4 53. Rf5 Ne6 54. Rf3 Ng5 55. Re3 Rb2+ 56. Kg1 h5 57. Rd3 h4 58. Nc5 h3 59. Kh1 Kh6 60. Nd7 Kh5 61.
Ne5 Kh4 62. Ng6+ Kg4 63. Ne5+ Kf4 64. Ng6+ Ke4 65. Rg3 Nf3 66. Rxh3 Rb1+ 67. Kg2 Rg1+ 68. Kf2 Rxg6 69. Rxf3 Rf6 70. Rxf6 gxf6 71. Kf1 Kf3 0-1

[Event "Early-Titled-Tuesday-Blitz-February-13-2024"]
[Site "Chess.com"]
[Date "2024.02.13"]
[Round "5"]
[White "Maitreia"]
[Black "JonasEilenberg"]
[Result "0-1"]
[WhiteElo "2758"]
[BlackElo "2602"]
[TimeControl "180+1"]
[EndTime "9:01:29 PST"]
[Termination "JonasEilenberg won by resignation"]

1. c4 e6 2. Nf3 d5 3. g3 dxc4 4.
Bg2 Nf6 5. O-O Nbd7 6. Qc2 a6 7.
Qxc4 b5 8. Qc2 Bb7 9. a4 c5 10. d3 Be7 11. Nc3 Qb6 12. Qb3 b4 13. a5 Qa7 14. Nb1 Bd5 15. Qa4 O-O 16. Nbd2 Qb7 17. Nc4 Rfd8 18. Bf4 Rac8 19. Rac1 Bc6 20. Qb3 Nd5 21.
Bd2 Nc7 22. e4 Nb5 23. Bf4 h6 24. h4 Kh7 25. Rfd1 f6 26. h5 e5 27. Be3 Rc7 28. Nh4 Nf8 29. Nf5 Ne6 30. Rd2 Nbd4 31. Bxd4 Nxd4 32. Nxd4 Rxd4 33. Ne3 Be8 34. Bf3 Bf8 35.
Bg4 Bf7 36. Qa4 c4 37. Qd1 Rcd7 38. Nd5 Bxd5 39. exd5 R7xd5 40. Bf3 cxd3 41. Bxd5 Qxd5 42. Rc8 Bc5 43. Qa4 Rc4 44. Rd1 Bxf2+ 45. Kxf2 Rxc8 46. Rd2 Qd4+ 47. Kg2 Rc1 48. Qe8 Qe4+ 49. Kf2 Rh1 50. Qg6+ Qxg6 51. hxg6+ Kxg6 52. Rxd3 Rh2+ 53. Ke3 Rxb2 54.
Rd6 Rb3+ 55. Kf2 Ra3 56. Rxa6 b3 57. Rb6 Rxa5 58. Rxb3 Ra2+ 59. Kf3 Kf5 60. g4+ Kg6 61. Rb7 Ra3+ 62. Kg2 Ra4 63. Kh3 e4 64. Re7 Ra3+ 65.
Kh4 e3 66. g5 hxg5+ 67. Kg4 f5+ 68. Kf3 f4 69. Ra7 e2+ 70. Rxa3 e1=Q 71. Ra6+ Kf5 72. Ra5+ Qe5 73. Ra8 Qd5+ 74. Kf2 Qxa8 75. Kg1 Qa2 0-1

[Event "Early-Titled-Tuesday-Blitz-February-13-2024"]
[Site "Chess.com"]
[Date "2024.02.13"]
[Round "5"]
[White "Chessdude1987"]
[Black "campochess"]
[Result "0-1"]
[WhiteElo "2371"]
[BlackElo "2142"]
[TimeControl "180+1"]
[EndTime "9:01:34 PST"]
[Termination "campochess won by checkmate"]

1. e4 c5 2. Nf3 Nc6 3. d4 cxd4 4. Nxd4 e5 5. Nb5 a6 6. Nd6+ Bxd6 7. Qxd6 Qe7 8. Qd1 Nf6 9. Nc3 h6 10. Bd3 d6 11.
O-O O-O 12. h3 Be6 13. Kh1 Rad8 14. f4 d5 15. fxe5 Nxe5 16. exd5 Nxd5 17. Nxd5 Rxd5 18. Be3 Nxd3 19. cxd3 Rfd8 20. d4 Qb4 21. b3 Rf5 22.
Rxf5 Bxf5 23. Rc1 Qe7 24. Qf3 Be4 25. Qg3 Bc6 26. Bxh6 Qf6 27. Bg5 Qg6 28. Kh2 Rxd4 29. Rc3 Re4 30. Rd3 f6 31. Rd8+ Kh7 32. Bf4 Qxg3+ 33.
Kxg3 Re2 34. Bc7 Rxg2+ 35. Kf4 Rxa2 36. Rd3 Kg6 37. Bb6 Kf7 38. h4 Rg2 39. Bc5 g5+ 40. hxg5 fxg5+ 41. Kf5 Rc2 42. b4 a5 43. Kxg5 axb4 44.
Bxb4 Rf2 45. Bc5 Rf1 46. Rd2 Ke6 47. Bf2 Ke5 48. Re2+ Kd5 49. Kf4 Kc4 50. Ke3 Rb1 51.
Rc2+ Kb3 52. Rd2 Rb2 53. Rd3+ Kc4 54. Rd4+ Kb5 55. Bg3 Rb3+ 56. Kf2 Rf3+ 57. Ke2 Rxg3 58. Kd2 Rg2+ 59. Kc3 Kb6 60. Kb4 Kc7 61. Kc3 Rg3+ 62. Kd2 b5 63. Rb4 Kb6 64. Rb2 Rg2+ 65. Kc3 Rxb2 66.
Kxb2 Kc5 67. Kc3 b4+ 68. Kb2 Kc4 69. Kc2 b3+ 70. Kb2 Kb4 71. Kc1 Kc3 72. Kd1 b2 73. Ke2 b1=Q 74. Kf2 Qe4 75. Kg3 Qf3+ 76. Kh4 Qg2 77. Kh5 Kd4 78. Kh6 Ke5 79. Kh7 Kf6 80.
Kh8 Qg7# 0-1

[Event "Early-Titled-Tuesday-Blitz-February-13-2024"]
[Site "Chess.com"]
[Date "2024.02.13"]
[Round "5"]
[White "KuzubovYuriy"]
[Black "Jospem"]
[Result "1-0"]
[WhiteElo "2937"]
[BlackElo "3047"]
[TimeControl "180+1"]
[EndTime "9:01:39 PST"]
[Termination "KuzubovYuriy won on time"]

1. d4 Nf6 2. Nf3 e6 3. c4 b6 4. g3 Bb7 5. Bg2 Bb4+ 6. Bd2 Bxd2+ 7. Qxd2 O-O 8. Nc3 Ne4 9. Qc2 Nxc3 10. bxc3 Nc6 11.
O-O Na5 12. Nd2 Bxg2 13. Kxg2 d6 14. e4 Qd7 15. a4 Rfe8 16. Qd3 Qc6 17. f3 Rad8 18.
Rfe1 Qb7 19. Nf1 Qa6 20. Ne3 c6 21. Rad1 h6 22. h4 d5 23. cxd5 Qxd3 24. Rxd3 cxd5 25. exd5 exd5 26. Kf2 Kf8 27. Rb1 Re7 28. Rb5 Red7 29.
h5 Nc6 30. Rd1 g6 31. Rh1 Kg7 32. Ng4 Rh8 33. Ne3 Ne7 34. Ke2 Rc8 35. Kd2 Rc6 36.
g4 Rf6 37. Ke2 Rc7 38. Rb3 Re6 39. Kd3 Rf6 40. Rh3 Rd7 41. Rb5 g5 42. a5 Kf8 43. axb6 axb6 44. Rb1 Ke8 45. Ra1 Rc7 46. Nc2 Re6 47. Nb4 f5 48. Ra8+ Kf7 49. Rh2 f4 50.
Nc2 Rec6 51. Ra3 Re6 52. Re2 Rxe2 53. Kxe2 Nc8 54. Nb4 Ke6 55. Kd3 Nd6 56. Ra6 Nc4 57.
Ra8 Re7 58. Rh8 b5 59. Rxh6+ Kd7 60. Nxd5 Re1 61. Rg6 Rf1 62. Ke4 Nd2+ 63. Kf5 Nxf3 64. h6 Nh4+ 65. Kxg5 Nxg6 66. Kxg6 f3 67. h7 Rh1 68.
Nf6+ Kc7 69. Ne4 Kc6 70. g5 Kd5 71. Nf2 Rh2 72. Kg7 Kc4 73. g6 Rxf2 74. h8=Q Kxc3 75. Qc8+ Kd3 76. Qf5+ Kxd4 77. Qxb5 Re2 78. Qb6+ Ke4 79. Qe6+ Kf4 80. Qc4+ Kg3 81. Kf6 Rg2 82. g7 Kf2 83. g8=Q Rxg8 84. Qxg8 Kf1 85. Qc4+ Kf2 86. Qe4 Kg3 87.
Kg5 f2 88. Qh1 f1=Q 89. Qxf1 Kh2 90. Qe2+ Kg3 91. Qd3+ Kf2 92. Kg4 Ke1 93. Qc2 1-0

[Event "Early-Titled-Tuesday-Blitz-February-13-2024"]
[Site "Chess.com"]
[Date "2024.02.13"]
[Round "5"]
[White "inagreV"]
[Black "GameOverBro"]
[Result "1-0"]
[WhiteElo "2360"]
[BlackElo "2533"]
[TimeControl "180+1"]
[EndTime "9:01:43 PST"]
[Termination "inagreV won on time"]

1. e4 c5 2. Nf3 Nc6 3. Bb5 Qc7 4.
O-O g6 5. Nc3 a6 6. Bxc6 Qxc6 7.
d4 Bg7 8. dxc5 Bxc3 9. bxc3 Nf6 10. Qd4 Qxe4 11. Re1 Qxd4 12. cxd4 h6 13. Rb1 Kf8 14.
Ba3 Ng8 15. Ne5 Rh7 16. Nc4 b5 17. cxb6 Bb7 18. Na5 Rb8 19. c4 f5 20. f3 Nf6 21. d5 Ne8 22. Rbd1 d6 23. Re6 g5 24. Rde1 Bc8 25. R6e2 Rxb6 26. c5 dxc5 27. Bxc5 Rb5 28.
Bxe7+ Kg8 29. Nc4 Rxd5 30. Ba3 Nf6 31. Bb2 Rf7 32. Ne3 Rb5 33. Ba1 Bd7 34. Nc4 Nd5 35.
Ne5 Re7 36. Nxd7 Rxd7 37. Re5 f4 38. h4 gxh4 39. Rh5 Kh7 40. Kh2 Kg6 41. Rhe5 h5 42.
Re6+ Kf7 43. Rxa6 Rb6 44. Rxb6 Nxb6 45. Be5 Rd2 46. Bxf4 Rxa2 47. Re5 Nc4 48. Rxh5 Nb2 49. Rxh4 Nd3 50. Be3 Ne1 51. Rg4 Kf6 52. Kh3 Re2 53. Bf4 Kf5 54. Bh2 Nd3 55. Ra4 Ne1 56. Ra5+ Kf6 57. g4 Nxf3 58. Rf5+ Kg6 59. Rxf3 Re4 60. Kg3 Re1 61. Kg2 Re2+ 62. Kh3 Rd2 63. Bf4 Rd1 64. Kg3 Rh1 65. Rf2 Rg1+ 66. Rg2 Re1 67. Rd2 Rg1+ 68. Kf3 Rf1+ 69. Ke4 Re1+ 70. Be3 Rf1 71. Rd6+ Kf7 72. Ke5 Re1 73. Kf4 Rf1+ 74. Kg5 Re1 75. Bf4 Re4 76.
Kf5 Re1 77. Rd7+ Ke8 78. Ra7 Kf8 79. Kf6 1-0